 Dungeon Crawl Stone Soup version 0.31-a0-544-gceb718ecc6 (webtiles) character file.

Game seed: 10384082067502133737

147561 Pooter the Executioner (level 16, -11/226 HPs)
             Began as a Minotaur Berserker on Aug 15, 2023.
             Was a High Priest of Trog.
             Mangled by a reaper
             ... wielding a +2 scythe of freezing
              (20 damage)
             ... in an ice cave.
             The game lasted 02:41:46 (43730 turns).

Pooter the Executioner (Minotaur Berserker)        Turns: 43730, Time: 02:41:46

Health: -11/226    AC: 33    Str: 26    XL:     16   Next: 92%
Magic:  12/15      EV:  7    Int:  4    God:    Trog [*****.]
Gold:   1878       SH:  0    Dex: 12    Spells: 15/15 levels left

rFire   . . .        a - +2 battleaxe (heavy)
rCold   + . .        (shield currently unavailable)
rNeg    . . .        R - +5 crystal plate armour
rPois   +            (helmet restricted)
rElec   .            (no cloak)
rCorr   .            S - +1 pair of gloves {infuse}
SInv    .            h - +0 pair of boots
Will    +....        F - amulet of regeneration Stlth
                     s - +4 ring of slaying
HPRegen 1.37/turn    V - ring of protection from cold
MPRegen 0.14/turn

%: infuse magic (1 MP)
@: berserking, very quick
A: horns 2, retaliatory headbutt, iridescent scales 1, dopey 1, poison
resistance
a: Renounce Religion, Berserk, Trog's Hand, Brothers in Arms


You were in an ice cave.
You worshipped Trog.
Trog was extremely pleased with you.
You visited 4 branches of the dungeon, and saw 23 of its levels.
You visited the Abyss 1 time.
You also visited: Sewer, Bailey, Gauntlet and Ice Cave.

You collected 3875 gold pieces.
You spent 1997 gold pieces at shops.

Inventory:

Hand Weapons
 a - a +2 heavy battleaxe (weapon)
   (You took it off Rupert on level 2 of the Orcish Mines)
 b - a +2 heavy arbalest
   (You took it off an orc warrior on level 8 of the Dungeon)
 o - a +1 battleaxe of flaming
   (You took it off a wight on level 6 of the Dungeon)
 w - a +3 executioner's axe
   (Trog gifted it to you on level 13 of the Dungeon)
 Z - a +6 broad axe of electrocution
   (You took it off an orc warlord on level 11 of the Dungeon)
Missiles
 i - 3 throwing nets {!f}
 p - a curare-tipped dart
 r - 47 javelins
 v - 18 boomerangs (quivered)
 W - 5 darts of dispersal {!f}
Armour
 h - a +0 pair of boots (worn)
   (You found it on level 4 of the Lair of Beasts)
 y - the +1 cloak "Sirilu" {Harm +Inv rC- SInv}
   (You found it on level 14 of the Dungeon)

   rC-:       It makes you vulnerable to cold.
   SInv:      It lets you see invisible.
   +Inv:      It lets you turn invisible.
   Harm:      It increases damage dealt and taken.
 R - a +5 crystal plate armour (worn)
   (You took it off an orc warrior in a bailey)
 S - a +1 pair of gloves of infusion (worn)
   (You found it on level 10 of the Dungeon)
Jewellery
 m - a +6 ring of dexterity
   (You found it on level 15 of the Dungeon)
 s - a +4 ring of slaying (left hand)
   (You bought it in a shop on level 1 of the Orcish Mines)
 C - a ring of resist corrosion
   (You took it off an orc warrior on level 9 of the Dungeon)
 E - a +5 ring of evasion
   (You found it on level 7 of the Dungeon)
 F - an amulet of regeneration (around neck)
   (You found it on level 3 of the Lair of Beasts)
 I - the ring "Pomuatru" {rElec rC+ Dex+4}
   (You found it in a Gauntlet)

   [ring of protection from cold]

   Dex+4:     It affects your dexterity (+4).
   rC+:       It protects you from cold.
   rElec:     It insulates you from electricity.
 P - a ring of poison resistance
   (You found it on level 5 of the Lair of Beasts)
 Q - an amulet of reflection
   (You bought it in a shop on level 1 of the Orcish Mines)
 U - a ring of willpower
   (You found it on level 3 of the Lair of Beasts)
 V - a ring of protection from cold (right hand)
   (You found it on level 2 of the Dungeon)
 Y - a ring of fire
   (You found it on level 13 of the Dungeon)
Wands
 d - a wand of iceblast (8)
   (You found it on level 9 of the Dungeon)
 f - a wand of flame (81)
   (You found it on level 3 of the Dungeon)
 u - a wand of paralysis (13)
   (You found it on level 8 of the Dungeon)
 x - a wand of acid (13)
   (You found it on level 2 of the Dungeon)
 D - a wand of digging (11)
   (You found it on level 10 of the Dungeon)
 M - a wand of mindburst (16)
   (You found it on level 9 of the Dungeon)
 N - a wand of polymorph (21)
   (You found it on level 9 of the Dungeon)
Scrolls
 e - 2 scrolls of immolation {!r}
 j - 4 scrolls of blinking
 l - 2 scrolls of poison {!r}
 t - 13 scrolls of teleportation {@r4}
 H - 3 scrolls of summoning
 J - 7 scrolls of fear
 L - a scroll of fog
 O - a scroll of revelation
Potions
 c - 5 potions of attraction {!q}
 g - 7 potions of heal wounds {@q2}
 k - 5 potions of lignification {!q}
 n - 3 potions of resistance
 q - 4 potions of might
 z - a potion of cancellation
 A - 3 potions of mutation {!q}
 B - a potion of invisibility {unknown}
 G - 2 potions of haste {@q3}
 K - 5 potions of curing {@q1}
 T - 5 potions of enlightenment
Miscellaneous
 X - a tin of tremorstones (2/2)
   (You found it on level 2 of the Lair of Beasts)


   Skills:
 + Level 16.1 Fighting
 + Level 21.2 Axes
 * Level 17.4 Ranged Weapons
 - Level 5.5 Throwing
 + Level 12.6 Armour
 - Level 4.3 Dodging
 + Level 7.7 Evocations


You had 15 spell levels left.
You didn't know any spells.
Your spell library was empty.

Dungeon Overview and Level Annotations

Branches:
Dungeon (15/15) Zot: 24503  Temple (0/1) D:7            Lair (5/5) D:11 Zot: 19058
 Shoals (0/4) Lair:2       Spider (1/4) Lair:2 Zot: 5542   Slime (0/5) Lair:5
    Orc (2/2) D:11 Zot: 8736     Elf (0/3) Orc:2        Vaults (0/5) D:14
 Depths (0/4) D:15          Sewer (visited)          Bailey (visited)
  IceCv (1/1) Zot: 2340   Gauntlet (visited)

Altars:
Cheibriados
Hepliaklqana
Kikubaaqudgha
Makhleb
Nemelex Xobeh
Ru
Sif Muna
Vehumet
Xom
Yredelemnul
Zin

Shops:
D:9 =   Orc:1 =   Orc:2 =:[?!


Innate Abilities, Weirdness & Mutations

You have a pair of horns on your head.
You reflexively headbutt those who attack you in melee.
You are partially covered in iridescent scales. (AC +2)
You are dopey. (Int -2)
Your system is resistant to poisons. (rPois)


Message History

You start waiting.
You are engulfed in freezing vapours.
You resist.
You're standing in a cloud of freezing vapour!
You are engulfed in freezing vapours.
You resist.
You start resting.
You start waiting.
Done waiting.
You start waiting.
You are engulfed in freezing vapours.
You resist.
You start waiting.
Done waiting. 3 reapers come into view.
A reaper is wielding a +1 scythe of freezing and wearing a +2 robe of cold resistance.
A reaper is wielding a +2 scythe of freezing and wearing a +0 robe of cold resistance.
A reaper is wielding a +1 scythe of freezing and wearing a +2 robe of cold resistance.
You shoot a bolt. The bolt hits the reaper!
The reaper shouts, "You must die NOW!"
You shoot a bolt. The bolt hits the reaper!!!
The reaper whispers, "Time's up, Pooter!"
The reaper hits you from afar with a +1 scythe of freezing!!
The reaper freezes you.
You shoot a bolt. The bolt hits the reaper!
The reaper hits you but does no damage.
The reaper hits you from afar with a +2 scythe of freezing!!
The reaper freezes you.
The reaper hits you but does no damage. x2
a - a +2 heavy battleaxe (weapon)
The reaper hits you from afar with a +1 scythe of freezing!!
The reaper freezes you.
* * * LOW HITPOINT WARNING * * *
The reaper hits you from afar with a +1 scythe of freezing!!
* * * LOW HITPOINT WARNING * * *
The reaper freezes you!
* * * LOW HITPOINT WARNING * * *
The reaper hits you from afar with a +2 scythe of freezing!!
* * * LOW HITPOINT WARNING * * *
A red film seems to cover your vision as you go berserk!
You feel yourself moving faster!
You feel mighty!
The reaper hits you but does no damage. x2
The reaper hits you from afar with a +2 scythe of freezing!
* * * LOW HITPOINT WARNING * * *
The reaper freezes you.
* * * LOW HITPOINT WARNING * * *
A reaper comes into view.
It is wielding a +2 scythe of freezing and wearing a +1 robe of cold resistance.
Unknown command.
You feel a strong urge to attack something.
You slice the reaper like a ripe choko!!!
You kill the reaper!
Trog accepts your kill.
You slash the reaper! You slice the reaper!!
The reaper hits you but does no damage.
The reaper hits you with a +2 scythe of freezing!!
You die...

#. ..§§.#...#
##....#
2#..####.§.#...#
##.#.##
.2......○#.....#
#..###.
#2...2°°...#..#
#...##.
#.#..##.##
#......
#.##.#..#
#..#...
##..#....#
#..#..#
#2)2##..##
##..####
#.@.....# #..##
#......## ##...#
##.....# #...##
##...## ##..##
##### #....##
##.....## ####
#.......#
##..######
##......#
##....##..##
###.......#


You could see 3 reapers.

Vanquished Creatures
  Rupert (Orc:2)
  Jorgrun (Orc:1)
  A tentacled starspawn (Abyss:2)
  Roxanne (D:15)
  The ghost of Ogyasib the Eclecticist, an adept SpCj of Vehumet (Orc:1)
  An orc warlord (D:11)
  A reaper (IceCv)
  A stone giant (D:15)
  A minotaur (Gauntlet)
  An entropy weaver (D:14)
  Fannar (D:10)
  Erolcha (D:10)
  A hydra (Lair:2)
  8 centaur warriors
  3 ogre magi
  A peacekeeper (D:14)
  A merfolk avatar (Lair:5)
  Erica (D:10)
  2 catoblepae
  13 two-headed ogres
  6 boulder beetles
  A death knight (D:14)
  2 orc high priests
  A tengu warrior (D:13)
  Nergalle (Orc:2)
  A skyshark (shapeshifter) (D:14)
  2 skysharks
  A wretched star (Abyss:2)
  9 skeletal warriors (D:13)
  A pharaoh ant (Spider:1)
  4 sea snakes
  A glowing orange brain (Gauntlet)
  4 spriggan simulacra (IceCv)
  3 orc knights
  A steelbarb worm (Spider:1)
  An obsidian statue (IceCv)
  A bog body (IceCv)
  3 wizards
  A necromancer (D:14)
  18 ugly things
  A deep elf pyromancer (D:10)
  A harpy (Lair:4)
  4 wolf spiders (Spider:1)
  9 orc sorcerers
  A mana viper (shapeshifter) (D:9)
  3 manticores
  12 cyclopes
  10 elephants (Lair:5)
  An eye of devastation (Gauntlet)
  A torpor snail (Lair:1)
  A black mamba (Lair:3)
  A rust devil (Abyss:2)
  2 gargoyles
  14 cane toads
  3 kobold demonologists (D:13)
  3 efreet
  3 rime drakes (Lair:5)
  2 ice devils (IceCv)
  12 komodo dragons
  3 tengu conjurers
  An anaconda simulacrum (IceCv)
  12 freezing wraiths
  An ancient zyme (Abyss:2)
  A golden dragon simulacrum (IceCv)
  7 meliai
  2 wind drakes (Lair:5)
  5 trolls
  12 polar bears
  A hornet (D:11)
  20 dream sheep
  4 tarantellas (Spider:1)
  22 blink frogs
  A dream sheep (shapeshifter) (D:14)
  A raiju (shapeshifter) (D:15)
  A snapping turtle (Lair:5)
  4 orc simulacra (Orc:1)
  A culicivora (Spider:1)
  2 spriggans
  2 shadows
  A dire elephant simulacrum (IceCv)
  15 slime creatures
  6 jumping spiders (Spider:1)
  5 wraiths
  2 vampires
  A ynoxinul (Gauntlet)
  4 wyverns
  57 yaks
  2 humans
  5 basilisks
  Grum (D:8)
  5 steam dragons
  3 minotaur simulacra (IceCv)
  2 golden eyes (Gauntlet)
  5 redbacks
  An unseen horror simulacrum (D:8)
  21 vampire mosquitoes
  5 wargs
  3 acid dragons
  A hydra simulacrum (IceCv)
  13 water moccasins
  3 ice beasts
  2 sky beasts (D:7)
  32 orc warriors
  2 black bears
  9 ogres
  2 alligator simulacra (IceCv)
  18 centaurs
  34 wolves
  4 kobold brigands
  12 bullfrogs
  3 deep troll simulacra (IceCv)
  2 scorpions (D:5)
  A hornet simulacrum (D:15)
  5 wights
  4 killer bees
  10 howler monkeys (D:10)
  3 crimson imps (D:12)
  A wyvern simulacrum (D:8)
  3 hounds
  9 orc priests
  5 iron imps
  A cyclops simulacrum (Orc:1)
  Crazy Yiuf (D:2)
  A gnoll bouda (D:10)
  A sleepcap (D:5)
  A human skeleton (D:7)
  5 iguanas
  30 orc wizards
  A spectral orc (Orc:1)
  2 centaur simulacra (D:8)
  4 gnolls
  17 adders
  7 river rats
  2 shadow imps (D:5)
  9 white imps
  A howler monkey simulacrum (D:8)
  5 ufetubi
  A dart slug (D:4)
  93 orcs
  4 ball pythons
  8 bats
  4 endoplasms
  4 giant cockroaches
  9 goblins
  4 hobgoblins
  7 jackals (Sewer)
  16 kobolds
  4 quokkas
  6 frilled lizards
  8 rats
  A starspawn tentacle (Abyss:2)
870 creatures vanquished.

Vanquished Creatures (collateral kills)
  An adder (D:6)
  2 orcs (Orc:2)
3 creatures vanquished.

Vanquished Creatures (others)
  A howler monkey (D:10)
  3 orc wizards (Orc:2)
  An orc (D:11)
  2 starspawn tentacles (Abyss:2)
7 creatures vanquished.

Grand Total: 880 creatures vanquished

Notes
Turn   | Place    | Note
-------+----------+-------------------------------------------
     0 | D:1      | Pooter the Minotaur Berserker began the quest for the Orb.
     0 | D:1      | Reached XP level 1. HP: 19/19 MP: 0/0
    60 | D:1      | Reached XP level 2. HP: 23/27 MP: 1/1
    63 | D:1      | Reached skill level 4 in Axes
   258 | D:1      | Reached XP level 3. HP: 33/33 MP: 2/2
  1391 | D:2      | Reached ** piety under Trog
  1579 | D:2      | Found a runed translucent door.
  1580 | D:2      | Noticed Crazy Yiuf
  1588 | D:2      | Killed Crazy Yiuf
  1589 | D:2      | Reached XP level 4. HP: 40/40 MP: 3/3
  2069 | D:3      | Identified the +1 rapier of the Horn {speed, rElec rF+
                  | Dex-4}
  2335 | D:3      | Reached skill level 5 in Axes
  2788 | D:4      | Reached XP level 5. HP: 47/47 MP: 4/4
  2876 | D:4      | Found a glowing drain.
  2910 | Sewer    | Entered a sewer
  3067 | Sewer    | Reached skill level 1 in Throwing
  3158 | Sewer    | Reached XP level 6. HP: 53/55 MP: 5/5
  3291 | Sewer    | Reached *** piety under Trog
  3338 | Sewer    | Reached skill level 6 in Axes
  3895 | D:4      | Reached skill level 5 in Fighting
  4248 | D:5      | Entered Level 5 of the Dungeon
  4400 | D:5      | Reached XP level 7. HP: 61/61 MP: 6/6
  4557 | D:5      | Reached skill level 7 in Axes
  5359 | D:5      | Found a sparkling altar of Nemelex Xobeh.
  5359 | D:5      | Found a snail-covered altar of Cheibriados.
  5606 | D:6      | Reached XP level 8. HP: 70/70 MP: 7/7
  5631 | D:6      | Reached skill level 8 in Axes
  6403 | D:6      | Reached skill level 5 in Throwing
  6848 | D:7      | Found a runed translucent door.
  6854 | D:7      | Found a basalt altar of Yredelemnul.
  6859 | D:7      | Reached skill level 9 in Axes
  6859 | D:7      | Reached skill level 1 in Ranged Weapons
  7147 | D:7      | Reached XP level 9. HP: 66/79 MP: 8/8
  7184 | D:7      | Reached skill level 10 in Axes
  7479 | D:7      | Found a staircase to the Ecumenical Temple.
  8438 | D:8      | Noticed a polar bear
  8448 | D:8      | Killed a polar bear
  8458 | D:8      | Noticed a polar bear
  8464 | D:8      | Reached skill level 11 in Axes
  8470 | D:8      | Killed a polar bear
  8645 | D:8      | Noticed a polar bear
  8655 | D:8      | Killed a polar bear
  8755 | D:8      | Reached skill level 5 in Ranged Weapons
  8777 | D:8      | Reached skill level 12 in Axes
  8778 | D:8      | Reached XP level 10. HP: 82/90 MP: 9/9
  8802 | D:8      | Noticed a two-headed ogre
  8805 | D:8      | Noticed Grum
  8810 | D:8      | Killed a two-headed ogre
  8814 | D:8      | Killed Grum
  9016 | D:8      | Found a hazy altar of Hepliaklqana.
  9044 | D:8      | Reached skill level 13 in Axes
  9055 | D:8      | Noticed a two-headed ogre
  9083 | D:8      | Killed a two-headed ogre
  9326 | D:8      | Noticed a boulder beetle
  9338 | D:8      | Killed a boulder beetle
  9339 | D:8      | Reached skill level 10 in Fighting
  9487 | D:8      | Reached skill level 14 in Axes
  9534 | D:8      | Found a sacrificial altar of Ru.
  9710 | D:9      | Found a transporter.
  9933 | D:9      | Noticed a centaur warrior
  9935 | D:9      | Noticed a cyclops
  9948 | D:9      | Noticed a two-headed ogre
  9960 | D:9      | Found a transporter.
  9960 | D:9      | Noticed a wizard
 10031 | D:9      | Reached XP level 11. HP: 90/101 MP: 10/10
 10327 | D:9      | Found Leskuq's Jewellery Shop.
 10557 | D:9      | Found a burning altar of Makhleb.
 10685 | D:9      | Identified the +3 chain mail of Twilight {Dex+3}
 10933 | D:10     | Entered Level 10 of the Dungeon
 10956 | D:10     | Found a flagged portal.
 10964 | Bailey   | Entered a bailey
 10967 | Bailey   | Reached **** piety under Trog
 15002 | Bailey   | Reached skill level 16 in Axes
 15002 | Bailey   | Reached skill level 10 in Ranged Weapons
 15002 | Bailey   | Reached XP level 12. HP: 108/108 MP: 11/11
 15361 | D:10     | Noticed Erica
 15374 | D:10     | Killed Erica
 15477 | D:10     | Noticed Fannar
 15485 | D:10     | Noticed a two-headed ogre
 15489 | D:10     | Killed Fannar
 15492 | D:10     | Killed a two-headed ogre
 15562 | D:10     | Found a runed translucent door.
 16134 | D:10     | Reached skill level 17 in Axes
 16294 | D:10     | Noticed Erolcha
 16303 | D:10     | Killed Erolcha
 16770 | D:11     | Reached skill level 5 in Armour
 17009 | D:11     | Found a staircase to the Orcish Mines.
 17105 | D:11     | Noticed a two-headed ogre
 17117 | D:11     | Killed a two-headed ogre
 17389 | D:11     | Reached XP level 13. HP: 74/117 MP: 9/12
 17566 | D:11     | Found a staircase to the Lair.
 17898 | D:11     | Found a shimmering blue altar of Sif Muna.
 18248 | Lair:1   | Entered Level 1 of the Lair of Beasts
 18897 | Lair:1   | Reached skill level 18 in Axes
 20365 | Lair:2   | Found a hole to the Spider Nest.
 20567 | Lair:2   | Found a staircase to the Shoals.
 21249 | Lair:3   | Reached skill level 1 in Evocations
 21948 | Lair:4   | Found a gate leading to a gauntlet.
 22023 | Gauntlet | Entered a Gauntlet
 22023 | Gauntlet | Found a transporter.
 22023 | Gauntlet | Found a transporter.
 22033 | Gauntlet | Found a transporter.
 22140 | Gauntlet | Found a transporter.
 22158 | Gauntlet | Found a transporter.
 22163 | Gauntlet | Reached skill level 19 in Axes
 22167 | Gauntlet | Found a large runed translucent door.
 22167 | Gauntlet | Found a large runed translucent door.
 22168 | Gauntlet | Found a large runed translucent door.
 22168 | Gauntlet | Found a large runed translucent door.
 22168 | Gauntlet | Found a transporter.
 22223 | Gauntlet | Reached XP level 14. HP: 129/129 MP: 9/13
 22313 | Gauntlet | Found a transporter.
 22352 | Gauntlet | Identified the ring "Pomuatru" {rElec rC+ Dex+4}
 22457 | Gauntlet | Identified the +3 sling of Yredelemnul's Outrage {drain,
                  | Fragile rC- rN+ Str+7}
 23208 | Lair:5   | Entered Level 5 of the Lair of Beasts
 23742 | Lair:5   | Reached ***** piety under Trog
 28005 | Lair:5   | Reached skill level 20 in Axes
 28547 | Lair:5   | Found a staircase to the Slime Pits.
 29415 | Orc:1    | Entered Level 1 of the Orcish Mines
 29579 | Orc:1    | Noticed an orc warlord
 29620 | D:11     | Killed an orc warlord
 29805 | Orc:1    | Reached XP level 15. HP: 138/138 MP: 9/14
 29912 | Orc:1    | Found Caohien's Jewellery Emporium.
 29917 | Orc:1    | Bought a +4 ring of slaying for 1092 gold pieces
 29981 | Orc:1    | Found a runed translucent gate.
 29982 | Orc:1    | Found a runed translucent gate.
 29982 | Orc:1    | Found a runed translucent gate.
 29985 | Orc:1    | Noticed Ogyasib's ghost (adept SpCj)
 30016 | Orc:1    | Noticed Jorgrun
 30029 | Orc:1    | Killed Jorgrun
 30030 | Orc:1    | Reached skill level 10 in Armour
 30182 | Orc:1    | Bought an amulet of reflection for 420 gold pieces
 30554 | Orc:1    | Killed Ogyasib's ghost
 30670 | Orc:2    | Entered Level 2 of the Orcish Mines
 30673 | Orc:2    | Found a staircase to the Elven Halls.
 30687 | Orc:2    | Reached skill level 5 in Evocations
 31101 | Orc:2    | Found Cunwiwk's Distillery.
 31108 | Orc:2    | Bought a potion of magic for 88 gold pieces
 31108 | Orc:2    | Bought a potion of mutation for 88 gold pieces
 31327 | Orc:2    | Noticed Rupert
 31338 | Orc:2    | Killed Rupert
 31895 | Orc:2    | Found a radiant altar of Vehumet.
 31903 | Orc:2    | Found Xohamudgh's Magic Scroll Shop.
 31929 | Orc:2    | Noticed Nergalle
 31938 | Orc:2    | Killed Nergalle
 32006 | Orc:2    | Bought a scroll of enchant armour for 105 gold pieces
 32006 | Orc:2    | Bought a scroll of identify for 28 gold pieces
 32339 | Orc:2    | Found an ancient bone altar of Kikubaaqudgha.
 32381 | Orc:2    | Found Juaqogg's Antique Armour Shop.
 32381 | Orc:2    | Found Yqannu Seyne's Book Boutique.
 32392 | Orc:2    | Gained mutation: You sometimes lose your temper in combat.
                  | [a neqoxec]
 32394 | Orc:2    | Gained mutation: You have a pair of large horns on your
                  | head. [a neqoxec]
 32690 | Orc:2    | Found Kutos's Jewellery Boutique.
 32832 | Orc:2    | Bought a potion of mutation for 88 gold pieces
 32832 | Orc:2    | Bought a potion of curing for 33 gold pieces
 32832 | Orc:2    | Lost mutation: You have a pair of large horns on your head.
                  | [potion of mutation]
 32832 | Orc:2    | Lost mutation: You sometimes lose your temper in combat.
                  | [potion of mutation]
 32832 | Orc:2    | Gained mutation: You are strong-willed. (Will+) [potion of
                  | mutation]
 32832 | Orc:2    | Gained mutation: You are agile. (Dex +4, Str/Int -1)
                  | [potion of mutation]
 32879 | D:11     | Reached skill level 15 in Ranged Weapons
 33337 | Orc:2    | Bought a potion of enlightenment for 55 gold pieces
 34122 | D:12     | Found a shimmering altar of Xom.
 34527 | D:13     | Found a glowing silver altar of Zin.
 34541 | D:13     | Identified a scroll of acquirement
 34541 | D:13     | Acquired 932 gold pieces
 34923 | D:13     | Reached skill level 15 in Fighting
 35135 | D:13     | Received a gift from Trog
 35739 | D:14     | Found a gate to the Vaults.
 35772 | Abyss:2  | Cast into level 2 of the Abyss (a wizard)
 35824 | Abyss:2  | Noticed a tentacled starspawn
 35833 | Abyss:2  | Killed a tentacled starspawn
 35882 | Abyss:2  | Found a corrupted altar of Lugonu.
 35898 | Abyss:2  | Found a corrupted altar of Lugonu.
 35927 | Abyss:2  | Found a corrupted altar of Lugonu.
 35933 | D:14     | Escaped the Abyss
 36325 | D:14     | Reached XP level 16. HP: 149/149 MP: 10/15
 36921 | D:14     | Identified the +1 cloak "Sirilu" {Harm +Inv rC- SInv}
 37147 | D:15     | Entered Level 15 of the Dungeon
 37614 | D:15     | Found a staircase to the Depths.
 38302 | D:15     | Noticed Roxanne
 38315 | D:15     | Killed Roxanne
 38619 | D:15     | Reached skill level 21 in Axes
 39667 | Spider:1 | Entered Level 1 of the Spider Nest
 39676 | Spider:1 | Lost mutation: You are agile. (Dex +4, Str/Int -1) [potion
                  | of mutation]
 39676 | Spider:1 | Lost mutation: You are strong-willed. (Will+) [potion of
                  | mutation]
 39676 | Spider:1 | Gained mutation: You sometimes lose your temper in combat.
                  | [potion of mutation]
 39677 | Spider:1 | Lost mutation: You sometimes lose your temper in combat.
                  | [potion of mutation]
 39677 | Spider:1 | Gained mutation: You are clumsy. (Dex -2) [potion of
                  | mutation]
 39678 | Spider:1 | Lost mutation: You are clumsy. (Dex -2) [potion of
                  | mutation]
 39678 | Spider:1 | Gained mutation: You expend magic power (3 MP) to
                  | strengthen your wands. [potion of mutation]
 39679 | Spider:1 | Lost mutation: You expend magic power (3 MP) to strengthen
                  | your wands. [potion of mutation]
 39679 | Spider:1 | Gained mutation: You are dopey. (Int -2) [potion of
                  | mutation]
 39679 | Spider:1 | Gained mutation: You are partially covered in iridescent
                  | scales. (AC +2) [potion of mutation]
 39679 | Spider:1 | Gained mutation: Your system is resistant to poisons.
                  | (rPois) [potion of mutation]
 39683 | Spider:1 | Upgraded the game from 0.31-a0-542-gdc2a67831c to
                  | 0.31-a0-544-gceb718ecc6
 40056 | Spider:1 | Found a frozen archway.
 40118 | IceCv    | Entered an ice cave
 43728 | IceCv    | HP: 9/226 [reaper/+2 scythe of freezing (12)]
 43730 | IceCv    | Mangled by a reaper

Illustrated notes

Levels and vault maps discovered:
D:1:      wheals_arrival_linesprint, layout_basic
D:2:      layout_basic, hex_tiny, uniq_crazy_yiuf_cottage
D:3:      layout_loops_corners, nicolae_half_adder
D:4:      layout_loops_ring, portal_sewer_entry_a
D:5:      layout_loops_cross, gammafunk_temple_overflow_statue,
          roderic_lattice_a, minmay_fractal_squares_5
D:6:      layout_basic
D:7:      layout_cave_pods, dk_yredelemnul_ordeal, minmay_temple_entry_arrows
D:8:      layout_basic, mainiacjoe_overflow_brackets, old_standard_altar,
          serial_ice, serial_ice_g, serial_ice_o, serial_ice_a, serial_ice_n,
          serial_ice_f, serial_ice_i, serial_ice_d, serial_ice_b, uniq_grum
D:9:      gammafunk_the_bubble [the_bubble_gammafunk_plus_minus],
          layout_loops_corners, lightli_temple_of_fire, serial_shops,
          shop_statue
D:10:     layout_gridville, enter_bailey_3, hangedman_stone_soup,
          serial_bayou_pond_d, minmay_st_funbox, uniq_erica, uniq_erolcha,
          uniq_fannar
D:11:     layout_irregular_city, david_lair_shrubbed, orc_0_dummy,
          amcnicky_mini_rare_corridor_liquid, kennysheep_orc_sif_temple
D:12:     layout_roguey, led_xom_imps
D:13:     layout_loops_ring, zin_scriptorium
D:14:     layout_gridville, hellmonk_vaults_order_and_chaos,
          grunt_decor_resistance, minmay_misc_feat_room, minmay_pinched_square
D:15:     grunt_enter_depths_giant_problem, layout_stronghold,
          lemuel_flame_loot_1, uniq_roxanne
Lair:1:   layout_cellular_growth, lemuel_fruit_tree, grunt_megastairs_2,
          infiniplex_staircase_pool
Lair:2:   layout_misc_corridors, shoals_dummy_entry, spider_nest_entry_webs
Lair:3:   layout_small_grid
Lair:4:   layout_regular_city, gauntlet_entry_generic, grunt_megastairs_4,
          lemuel_fruit_fields, serial_bayou_shore_a
Lair:5:   gammafunk_lair_ancient_temple, layout_loops_ring, slime_entry_1,
          grunt_forest_large_clearings
Spider:1: layout_spider_delve, portal_ice_cave_entry_pillars_four
Orc:1:    layout_caves, gammafunk_ghost_necromancy, serial_shops, shop,
          minmay_orc_barracks, uniq_jorgrun
Orc:2:    kennysheep_orc_mage_school, layout_diamond_mine, serial_shops, shop,
          nooodl_orcs_dogs, uniq_rupert
IceCv:    ice_cave_small_demon

Skill      XL: |  1  2  3  4  5  6  7  8  9 10 11 12 13 14 15 16 |
---------------+-------------------------------------------------+-----
Axes           | 4 5 6 7 9 12 14 16 17 19 20 21 | 21.2
Fighting       | 4 5 6 7 8 10 11 13 14 15 16 | 16.1
Dodging        | 3 4 |  4.3
Throwing       | 1 2 4 5 |  5.5
Ranged Weapons | 2 5 7 10 11 12 14 15 17 | 17.4
Armour         | 3 5 8 9 11 12 | 12.6
Evocations     | 2 4 6 7 |  7.7

Action                     |  1- 3 |  4- 6 |  7- 9 | 10-12 | 13-15 | 16-18 || total
---------------------------+-------+-------+-------+-------+-------+-------++-------
  Melee: Hand axe          |    59 |    40 |       |       |       |       ||    99
         Headbutt          |     7 |    20 |    30 |    44 |   152 |    44 ||   297
         War axe           |       |    98 |   100 |       |       |       ||   198
         Punch             |       |     1 |     1 |       |       |       ||     2
         Battleaxe         |       |       |    78 |   229 |   789 |   159 ||  1255
   Fire: Arbalest          |       |       |     8 |   205 |   310 |   107 ||   630
  Throw: Boomerang         |       |    29 |    12 |     1 |    12 |    11 ||    65
         Javelin           |       |       |     4 |       |       |       ||     4
 Invoke: Berserk           |     1 |     2 |     5 |     5 |    19 |     2 ||    34
         Trog's Hand       |       |       |     8 |    16 |    35 |    10 ||    69
  Evoke: Wand              |       |       |     6 |     3 |     8 |     1 ||    18
         Tin of tremorston |       |       |       |       |     3 |       ||     3
    Use: Scroll            |     2 |     2 |    10 |     7 |    21 |     4 ||    46
         Potion            |       |       |       |     1 |     2 |     5 ||     8
   Stab: Distracted        |       |       |     1 |       |       |       ||     1
 Armour: Animal skin       |    11 |    33 |       |       |       |       ||    44
         Scale mail        |       |     1 |    25 |       |       |       ||    26
         Chain mail        |       |       |    28 |    20 |       |       ||    48
         Plate armour      |       |       |    26 |    63 |       |       ||    89
         Crystal plate arm |       |       |       |   111 |   600 |   149 ||   860
  Dodge: Dodged            |    45 |    80 |   125 |   228 |   471 |    84 ||  1033
  Block: Other             |       |       |       |       |    69 |    24 ||    93
         Reflection        |       |       |       |       |     1 |     6 ||     7

Table legend: (Time is in decaauts)
 A = Elapsed time spent in this place.
 B = Non-inter-level travel time spent in this place.
 C = Inter-level travel time spent in this place.
 D = Time resting spent in this place.
 E = Time spent auto-exploring this place.
 F = Levels seen in this place.
 G = Mean time per level.
                   A        B        C        D        E       F      G
               +--------+--------+--------+--------+--------+-----+--------+
         Total |  44733 |  43329 |   1404 |  20201 |  16402 |  28 | 1597.6 |
       Dungeon |  20411 |  19506 |    905 |   5614 |  10855 |  15 | 1360.7 |
          Lair |  10941 |  10627 |    314 |   6018 |   3261 |   5 | 2188.2 |
   Spider Nest |    457 |    457 |      0 |    259 |     49 |   1 |  457.0 |
  Orcish Mines |   3263 |   3079 |    184 |   1260 |   1126 |   2 | 1631.5 |
         Abyss |    171 |    171 |      0 |     36 |      0 |   1 |  171.0 |
         Sewer |   1023 |   1023 |      0 |     34 |    664 |   1 | 1023.0 |
        Bailey |   4358 |   4358 |      0 |   3497 |    270 |   1 | 4358.0 |
      Ice Cave |   3658 |   3658 |      0 |   3388 |      0 |   1 | 3658.0 |
      Gauntlet |    448 |    448 |      0 |     93 |    175 |   1 |  448.0 |
               +--------+--------+--------+--------+--------+-----+--------+

Top non-repeatable levels by time:
  Lair:5: 5403 daAuts
  Bailey: 4358 daAuts
   IceCv: 3658 daAuts
   Orc:2: 2223 daAuts
    D:11: 2152 daAuts
    D:15: 1926 daAuts
  Lair:1: 1795 daAuts
  Lair:4: 1772 daAuts
     D:7: 1672 daAuts
    D:14: 1548 daAuts
     D:9: 1548 daAuts
    D:10: 1518 daAuts
     D:8: 1442 daAuts
    D:12: 1420 daAuts
     D:5: 1296 daAuts
